 Dungeon Crawl Stone Soup version 0.23.1 (webtiles) character file.

Game seed: 0

191 KamiKatze the Shooter (level 5, -9/45 HPs)
             Began as a Centaur Hunter on Mar 11, 2019.
             Killed by divine providence
             ... invoked by an orc priest
              (14 damage)
             ... on level 3 of the Dungeon on Mar 12, 2019.
             The game lasted 00:12:31 (2802 turns).

KamiKatze the Shooter (Centaur Hunter)              Turns: 2802, Time: 00:12:32

Health: -9/45      AC:  6    Str: 16    XL:     5   Next: 41%
Magic:  5/5        EV:  8    Int: 10    God:
Gold:   85         SH:  0    Dex:  9    Spells: 4/4 levels left

rFire    . . .     SeeInvis .   a - +2 shortbow
rCold    . . .     Gourm    .   (shield currently unavailable)
rNeg     . . .     Faith    .   c - +0 scale mail (curse)
rPois    .         Spirit   .   (no helmet)
rElec    .         Reflect  .   (no cloak)
rCorr    .         Harm     .   (no gloves)
MR       .....     Rnd*Tele +   (no barding)
Stlth    ..........             (no amulet)
HPRegen  0.15/turn              k - ring of teleportation (curse)
MPRegen  0.09/turn              (no ring)

@: very quick
A: large, hooves 3, deformed body, speed 2, tough skin 3
a: no special abilities


You were on level 3 of the Dungeon.
You were not hungry.

You visited 1 branch of the dungeon, and saw 3 of its levels.

You collected 85 gold pieces.

Inventory:

Hand Weapons
 a - a +2 shortbow (weapon)
 b - a +0 short sword
Missiles
 d - 4 arrows (quivered)
Armour
 c - a cursed +0 scale mail (worn)
Jewellery
 k - a cursed ring of teleportation (left hand)
Wands
 j - a wand of scattershot (2)
Potions
 h - a potion of resistance
 i - a potion of curing {unknown}
 m - a potion of haste {unknown}
 n - a potion of cancellation {unknown}
Comestibles
 f - a ration
 g - 3 chunks of flesh


   Skills:
 + Level 3.3 Fighting
 * Level 7.3 Bows
 + Level 2.4 Dodging
 - Level 0.4 Stealth


You had 4 spell levels left.
You didn't know any spells.
Your spell library was empty.

Dungeon Overview and Level Annotations

Branches:
Dungeon (3/15)

Altars:


Innate Abilities, Weirdness & Mutations

You have hooves in place of feet.
Armour fits poorly on your strangely shaped body.
You cover ground very quickly.
You have extremely tough skin. (AC +3)


Message History

You shoot an arrow. The arrow hits the orc.
The orc is lightly wounded.
Firing (i - inventory)
d - 6 arrows (quivered)
Press: ? - help, Shift-Dir - straight line, f/p - orc
Aim: an orc, wielding a +0 hand axe and wearing a +0 leather armour (lightly wounded)
You shoot an arrow. The arrow barely misses the orc priest.
The arrow hits the orc.
The orc is moderately wounded.
Firing (i - inventory)
d - 5 arrows (quivered)
Press: ? - help, Shift-Dir - straight line, f - orc priest
Aim: an orc priest, wielding a +0 short sword and wearing a +0 ring mail (moderately wounded)
You shoot an arrow. The arrow hits the orc priest!
The orc priest is almost dead.
The orc priest calls down the wrath of Beogh upon you.
Pain shoots through your body!
* * * LOW HITPOINT WARNING * * *
Unknown command.
The orc priest calls down the wrath of Beogh upon you.
Beogh smites you!
You die...

# #.# #.# ##### #.# #.#
....##### ## ##.#########.#
......... . ...##........#
.....### #.#..##.########
...#..######o#..##........#
w.###..(((..o...#########.#
...#...## #.######...#.##
.#...#.## #
#..@....###.<.#####.
###w#<†(##.# #######.#
#......... #...(....#
#.###...######
#..r..#...... ##...#.##
#.g#.###.#### #####.#
###....# .# #.# ..<..### #
#.# ####.# #.########.#
...# #..........#


You could see an orc priest and an orc.

Vanquished Creatures
  Natasha (D:3)
  An orc wizard (D:2)
  3 gnolls (D:3)
  2 adders (D:2)
  3 worms
  3 leopard geckos
  10 orcs (D:3)
  9 bats
  4 giant cockroaches
  8 goblins
  8 hobgoblins
  9 jackals
  A frilled lizard (D:2)
  A kobold (D:1)
  8 rats
71 creatures vanquished.

Notes
Turn   | Place    | Note
-------+----------+-------------------------------------------
     0 | D:1      | KamiKatze the Centaur Hunter began the quest for the Orb.
     0 | D:1      | Reached XP level 1. HP: 17/17 MP: 1/1
   142 | D:1      | Reached XP level 2. HP: 16/24 MP: 2/2
   562 | D:1      | Reached skill level 6 in Bows
   604 | D:1      | Reached XP level 3. HP: 11/30 MP: 3/3
  1325 | D:2      | Reached XP level 4. HP: 33/37 MP: 4/4
  1542 | D:2      | HP: 1/37 [worm (8)]
  2263 | D:3      | Reached skill level 7 in Bows
  2272 | D:3      | Reached XP level 5. HP: 26/45 MP: 5/5
  2297 | D:3      | Noticed Natasha
  2613 | D:3      | Killed Natasha
  2802 | D:3      | Killed from afar by an orc priest

Skill      XL: |  1  2  3  4 |
---------------+-------------+-----
Bows           | 6 7 |  7.3
Dodging        | 2 |  2.4
Fighting       | 3 |  3.3
Stealth        | |  0.4

Action                   |  1- 3 |  4- 6 || total
-------------------------+-------+-------++-------
Melee: Short sword       |   156 |   103 ||   259
       Kick              |    26 |    23 ||    49
 Fire: Shortbow          |     2 |    37 ||    39
  Use: Scroll            |       |     4 ||     4
  Eat: Chunk             |     1 |     4 ||     5
Armor: Ring mail         |    89 |    27 ||   116
Dodge: Dodged            |    80 |    36 ||   116
